 Dungeon Crawl Stone Soup version 0.19.0-2-gae57169 (webtiles) character file.

208 Khazard the Conjurer (level 5, -3/28 HPs)
             Began as a Tengu Wizard on Nov 5, 2016.
             Killed by divine providence
             ... invoked by an orc priest
              (14 damage)
             ... on level 3 of the Dungeon.
             The game lasted 00:02:24 (2404 turns).

Khazard the Conjurer (Tengu Wizard)                 Turns: 2404, Time: 00:02:24

Health: -3/28      AC:  2    Str:  7    XL:     5   Next: 86%
Magic:  3/12       EV: 15    Int: 20    God:
Gold:   62         SH:  0    Dex: 12    Spells: 4 memorised, 4 levels left

rFire  . . .     SeeInvis .     a - +0 halberd
rCold  . . .     Gourm    .     e - +0 robe
rNeg   . . .     Faith    .     (shield currently unavailable)
rPois  .         Spirit   .     b - +0 hat
rElec  .         Reflect  .     (no cloak)
rCorr  .         Harm     .     (no gloves)
MR     .....                    (boots unavailable)
Stlth  ++........               o - amulet of rage
                                (no ring)
                                (no ring)

@: flying quickly and evasively, quick
A: beak, talons 3, able to fly 1
a: Evoke Berserk Rage


You were on level 3 of the Dungeon.
You were not hungry.

You visited 1 branch of the dungeon, and saw 3 of its levels.

You collected 62 gold pieces.

Inventory:

Hand Weapons
 a - a +0 halberd (weapon)
 j - a +0 mace
 n - a +0 club
 p - a +0 short sword
 t - a +1 mace of holy wrath
Armour
 b - a +0 hat (worn)
 e - a +0 robe (worn)
Jewellery
 o - an amulet of rage (around neck)
Scrolls
 i - 2 scrolls of remove curse {unknown}
 l - a scroll of random uselessness {unknown}
 s - a scroll of amnesia {unknown}
 v - a scroll of recharging {unknown}
 w - a scroll of identify {unknown}
Potions
 g - a potion of berserk rage {unknown}
 h - 2 potions of flight
 k - 6 potions of curing {unknown}
 m - a potion of mutation {unknown}
 q - 2 potions of lignification {unknown}
Books
 c - a book of Minor Magic

   Spells                             Type                      Level
   a - Magic Dart                     Conjuration                  1
   b - Blink                          Translocation                2
   c - Call Imp                       Summoning                    2
   d - Repel Missiles                 Charms/Air                   2
   e - Slow                           Hexes                        2
   f - Conjure Flame                  Conjuration/Fire             3
   g - Mephitic Cloud                 Conjuration/Poison/Air       3
 r - a book of Changes

   Spells                             Type                      Level
   a - Beastly Appendage              Transmutation                1
   b - Sticks to Snakes               Transmutation                2
   c - Spider Form                    Transmutation/Poison         3
   d - Ice Form                       Ice/Transmutation            4
   e - Blade Hands                    Transmutation                5
Comestibles
 d - 2 bread rations
 f - a meat ration
 u - a beef jerky


   Skills:
 - Level 2.1 Dodging
 - Level 2.0 Stealth
 + Level 4.1 Spellcasting
 * Level 6.0 Conjurations
   Level 1.2 Summonings
 - Level 0.7 Translocations


You had 4 spell levels left.
You knew the following spells:

 Your Spells              Type           Power        Failure   Level  Hunger
a - Magic Dart            Conj           ####         1%          1    None
b - Blink                 Tloc           N/A          17%         2    #......
e - Mephitic Cloud        Conj/Pois/Air  ##......     17%         3    ###....
k - Repel Missiles        Chrm/Air       #.....       21%         2    #......


Dungeon Overview and Level Annotations

Branches:
Dungeon (3/15)

Altars:


Innate Abilities, Weirdness & Mutations

You have a beak for a mouth.
You have claws for feet.
You can fly.


Message History

Unknown command.
Okay, then.
It was a potion of flight.
You feel very buoyant.
You swoop lightly up into the air.
Okay, then.
Unknown command.
The orc priest calls down the wrath of Beogh upon you.
Beogh smites you!
You see here a hand axe.
Things that are here:
a club; an orc corpse
Things that are here:
a dagger; an orc corpse The orc priest mumbles some strange prayers to Beogh against you.
Beogh smites you!
The orc priest calls down the wrath of Beogh upon you.
Beogh smites you!
Ouch! That really hurt!
You die...

#.#.# #.#.# #.#.#
#.#.# ).# #.#.#######
#.# #.#.......# #)#
#.#######.# ### #)#
#.#######.#########.#
#o#
#..........@....).o.#
#.#
#########.#########)#
#.# #.# #)#####.# #.#
#....o..# #<#
#.#####.# ### ### ###


You could see an orc priest.

Vanquished Creatures
  An orc priest (D:3)
  Terence (D:2)
  4 gnolls
  4 adders
  3 oozes
  A worm (D:2)
  A dart slug (D:1)
  A leopard gecko (D:2)
  5 orcs (D:3)
  5 bats
  A giant cockroach (D:1)
  7 goblins
  8 hobgoblins
  7 jackals
  2 ball pythons (D:1)
  5 frilled lizards
  2 kobolds (D:1)
58 creatures vanquished.

Vanquished Creatures (others)
  A kobold (D:1)
1 creature vanquished.

Grand Total: 59 creatures vanquished

Notes
Turn   | Place    | Note
-------+----------+-------------------------------------------
     0 | D:1      | Khazard the Tengu Wizard began the quest for the Orb.
     0 | D:1      | Reached XP level 1. HP: 10/10 MP: 5/5
     6 | D:1      | Noticed a hound
     6 | D:1      | Noticed a water moccasin
     8 | D:1      | Noticed a black bear
     8 | D:1      | Noticed a wyvern
   175 | D:1      | Reached skill level 2 in Conjurations
   194 | D:1      | Reached XP level 2. HP: 14/15 MP: 0/7
   243 | D:1      | Learned a level 2 spell: Blink
   246 | D:1      | Learned a level 2 spell: Repel Missiles
   366 | D:2      | Reached skill level 3 in Conjurations
   461 | D:1      | Reached XP level 3. HP: 19/19 MP: 0/8
  1023 | D:1      | Learned a level 3 spell: Mephitic Cloud
  1254 | D:2      | Noticed Terence
  1263 | D:2      | Reached skill level 4 in Conjurations
  1387 | D:1      | Reached XP level 4. HP: 21/24 MP: 1/10
  1802 | D:2      | Reached skill level 5 in Conjurations
  1802 | D:2      | Gained mutation: You can fly. [Tengu growth]
  1802 | D:2      | Reached XP level 5. HP: 27/28 MP: 2/11
  1933 | D:2      | Killed Terence
  2383 | D:3      | Reached skill level 6 in Conjurations
  2404 | D:3      | Killed from afar by an orc priest

Skill      XL: |  1  2  3  4  5 |
---------------+----------------+-----
Conjurations   | 2 3 4 5 6 |  6.0
Spellcasting   | 4 |  4.1
Dodging        | |  2.1
Stealth        | |  2.0
Summonings     | |  1.2
Translocations | |  0.7

Action                   |  1- 3 |  4- 6 || total
-------------------------+-------+-------++-------
Melee: Unarmed           |     4 |       ||     4
       Mace              |     7 |    13 ||    20
       Kick              |     6 |     4 ||    10
       Club              |     1 |       ||     1
       Peck              |     1 |       ||     1
       Short sword       |     2 |       ||     2
       Halberd           |       |     7 ||     7
 Cast: Magic Dart        |    80 |    66 ||   146
       Repel Missiles    |     1 |       ||     1
       Mephitic Cloud    |     1 |     2 ||     3
       Blink             |       |     2 ||     2
  Use: Potion            |       |     1 ||     1
 Stab: Confused          |       |     1 ||     1
  Eat: Bread ration      |     1 |       ||     1
Armor: Robe              |     4 |     4 ||     8
Dodge: Dodged            |    18 |    35 ||    53
       Deflected         |     1 |     1 ||     2
